 Dungeon Crawl Stone Soup version 0.27.0-1-g7a089689b8 (webtiles) character file.

Game seed: 1035424696051923529

8 trckry the Magician (level 2, 0/19 HPs)
             Began as a Gnoll Wanderer on Aug 8, 2021.
             Succumbed to a kobold's poison
             ... on level 1 of the Dungeon.
             The game lasted 00:01:50 (794 turns).

trckry the Magician (Gnoll Wanderer)                 Turns: 794, Time: 00:01:50

Health: 0/19       AC:  2    Str: 10    XL:     2   Next: 8%
Magic:  10/10      EV: 11    Int: 12    God:
Gold:   48         SH:  0    Dex: 11    Spells: 13/15 levels left

rFire    . . .     SeeInvis .   a - +2 dagger
rCold    . . .     Faith    .   (no shield)
rNeg     . . .     Spirit   .   d - +0 robe
rPois    .         Reflect  .   (no helmet)
rElec    .         Harm     .   (no cloak)
rCorr    .         Rampage  .   (no gloves)
Will     .....                  (no boots)
Stlth    +.........             (no amulet)
HPRegen  0.06/turn              (no ring)
MPRegen  0.12/turn              (no ring)

@: lethally poisoned (0 -> -5)
A: fangs 1, strong nose, distributed training
a: no special abilities


You were on level 1 of the Dungeon.
You visited 1 branch of the dungeon, and saw 1 of its levels.

You collected 48 gold pieces.

Inventory:

Hand Weapons
 a - a +2 dagger (weapon)
Missiles
 b - a curare-tipped dart (quivered)
Armour
 d - a +0 robe (worn)
Scrolls
 e - 3 scrolls of immolation {unknown}


   Skills:
 + Level 0.2 Fighting
 + Level 0.2 Short Blades
 + Level 0.2 Long Blades
 + Level 0.2 Axes
 + Level 0.2 Maces & Flails
 + Level 0.2 Polearms
 + Level 0.2 Staves
 + Level 0.2 Slings
 + Level 0.2 Bows
 + Level 0.2 Crossbows
 + Level 4.4 Throwing
 + Level 0.2 Armour
 + Level 0.2 Dodging
 + Level 0.2 Stealth
 + Level 0.2 Shields
 + Level 0.2 Unarmed Combat
 + Level 7.1 Spellcasting
 + Level 2.0 Conjurations
 + Level 0.1 Hexes
 + Level 0.1 Summonings
 + Level 0.1 Necromancy
 + Level 0.1 Translocations
 + Level 5.3 Transmutations
 + Level 0.1 Fire Magic
 + Level 0.1 Ice Magic
 + Level 0.1 Air Magic
 + Level 0.1 Earth Magic
 + Level 2.0 Poison Magic
 + Level 0.3 Invocations
 + Level 0.2 Evocations


You had 13 spell levels left.
You knew the following spells:

 Your Spells              Type           Power      Damage    Failure   Level
a - Wereblood             Tmut           17%        N/A       2%          2

Your spell library contained the following spells:

 Spells                   Type           Power      Damage    Failure   Level
 Passwall                 Tmut/Erth      8%         N/A       8%          2


Dungeon Overview and Level Annotations

Branches:
Dungeon (1/15)

Altars:


Innate Abilities, Weirdness & Mutations

You have very sharp teeth.
Your uncanny sense of smell can sniff out nearby items.
Your experience applies equally to all skills.


Message History

You feel very sick.
You take 3 damage, and have 4/19 hp.
You feel better.
The kobold hits you with a +2 short sword of venom.
You are lethally poisoned!
You regained 4 hp, and now have 8/19 hp.
* * * LOW HITPOINT WARNING * * *
You feel very sick.
The kobold throws a stone.
The stone closely misses you.
You take 3 damage, and have 5/19 hp.
* * * LOW HITPOINT WARNING * * *
You feel sick.
The kobold throws a stone.
The stone closely misses you.
There is an open door here.
You take 2 damage, and have 3/19 hp.
Throw: 4 darts (curare)
Press: ? - help, Q - select action, (/) - cycle Shift-Dir - straight line, f - kobold
Aim: a kobold, wielding a +2 short sword of venom and quivering stones (50% to hit)
You throw a curare-tipped dart.
The curare-tipped dart barely misses the kobold.
* * * LOW HITPOINT WARNING * * *
You feel sick.
You take 1 damage, and have 2/19 hp.
Throw: 3 darts (curare)
Press: ? - help, Q - select action, (/) - cycle Shift-Dir - straight line, f/p - kobold
Aim: a kobold, wielding a +2 short sword of venom and quivering stones (50% to hit)
You throw a curare-tipped dart. The curare-tipped dart hits the kobold.
The kobold is poisoned.
The kobold convulses.
The kobold seems to slow down.
The kobold is heavily wounded.
* * * LOW HITPOINT WARNING * * *
You feel sick.
You take 1 damage, and have 1/19 hp.
Throw: 2 darts (curare)
Press: ? - help, Q - select action, (/) - cycle Shift-Dir - straight line, f/p - kobold
Aim: a kobold, wielding a +2 short sword of venom and quivering stones (heavily wounded, very poisoned, slow, 50% to hit)
You throw a curare-tipped dart. The curare-tipped dart hits the kobold.
The kobold looks as sick as possible!
The kobold convulses.
You kill the kobold!
You die...

######## ##≈≈≈≈≈≈##
#≈≈....≈≈####### #####
♣(.≈#.....# #...#
♣♣).@...#.#### #.###
♣.≈#......... #.#
♣..≈#......##.# #.#
...≈≈#.........##
#.####≈≈≈≈≈≈##..........#
#.##.#########...###..#.#
#..........# #...# #....
####.#########...# #.#.#
#.# #.......###.#.####


There were no monsters in sight!

Vanquished Creatures
  2 hobgoblins (D:1)
  2 jackals (D:1)
  A kobold (D:1)
  2 frilled lizards (D:1)
  A goblin (D:1)
  A rat (D:1)
9 creatures vanquished.

Notes
Turn   | Place    | Note
-------+----------+-------------------------------------------
     0 | D:1      | trckry the Gnoll Wanderer began the quest for the Orb.
     0 | D:1      | trckry set off with the following items: a +2 dagger, 4
                  | curare-tipped darts, a potion of curing, a +0 robe; and the
                  | following spells available to memorise: Wereblood, Passwall
     0 | D:1      | Reached XP level 1. HP: 13/13 MP: 8/8
   607 | D:1      | Reached XP level 2. HP: 12/19 MP: 10/10
   611 | D:1      | Learned a level 2 spell: Wereblood
   792 | D:1      | HP: 2/19 [poisoned by a kobold]
   794 | D:1      | Succumbed to a kobold's poison

Illustrated notes

Levels and vault maps discovered:
D:1:      scummos_arrival_forest, layout_loops_cross, kennysheep_another_room

Skill      XL: |  1 |
---------------+----+-----
Conjurations   | 2 |  2.0
Poison Magic   | 2 |  2.0
Fighting       | |  0.2
Short Blades   | |  0.2
Long Blades    | |  0.2
Axes           | |  0.2
Maces & Flails | |  0.2
Polearms       | |  0.2
Staves         | |  0.2
Slings         | |  0.2
Bows           | |  0.2
Crossbows      | |  0.2
Throwing       | |  4.4
Armour         | |  0.2
Dodging        | |  0.2
Stealth        | |  0.2
Shields        | |  0.2
Unarmed Combat | |  0.2
Spellcasting   | |  7.1
Hexes          | |  0.1
Summonings     | |  0.1
Necromancy     | |  0.1
Translocations | |  0.1
Transmutations | |  5.3
Fire Magic     | |  0.1
Ice Magic      | |  0.1
Air Magic      | |  0.1
Earth Magic    | |  0.1
Invocations    | |  0.3
Evocations     | |  0.2

Action                   || total
-------------------------++-------
Melee: Dagger            ||    30
       Bite              ||     1
Throw: Dart              ||     3
  Use: Potion            ||     1
Armor: Robe              ||     5
Dodge: Dodged            ||    19
